 Dungeon Crawl Stone Soup version 0.17.2 (webtiles) character file.

3770 ololoev the Basher (level 9, -5/63 HPs)
             Began as a Mummy Chaos Knight on June 30, 2016.
             Slain by a manticore (7 damage)
             ... on level 8 of the Dungeon.
             The game lasted 00:17:34 (8969 turns).

ololoev the Basher (Mummy Chaos Knight)             Turns: 8969, Time: 00:17:35

Health: -5/63      AC: 12    Str: 18    XL:     9   Next: 94%
Magic:  11/11      EV: 10    Int: 12    God:    Xom [...*..]
Gold:   459        SH:  0    Dex: 11    Spells: 1 memorised, 2 levels left

rFire  . . .     SeeInvis .     a - +0 flail (drain)
rCold  + + .     Clarity  .     c - +2 ring mail {rC+}
rNeg   + + +     SustAt   .     (no shield)
rPois  ∞         Gourm    .     n - +1 helmet
rElec  .         Spirit   .     (no cloak)
rCorr  .         Warding  .     g - +0 pair of gloves
rMut   .         Stasis   .     (no boots)
MR     +....                    (no amulet)
Stlth  +.........               (no ring)
                                f - ring of protection from fire

@: very slightly contaminated, hasted, very quick, somewhat resistant to hostile
enchantments, very unstealthy
A: no food or potions, fire vulnerability, cold resistance 1, negative energy
resistance 3, torment resistance, unbreathing
a: Renounce Religion


Innate Abilities, Weirdness & Mutations

You do not eat or drink.
Your flesh is vulnerable to fire.
You are immune to poison.
Your flesh is cold resistant.
You are immune to negative energy.
You are immune to unholy pain and torment.
You can survive without breathing.

Inventory:

Hand Weapons
 a - a +0 flail of draining (weapon)
Missiles
 k - 75 poisoned needles
Armour
 c - a +2 ring mail of cold resistance (worn)
 g - a +0 pair of gloves (worn)
 n - a +1 helmet (worn)
Jewellery
 f - a ring of protection from fire (left hand)
Wands
 l - a wand of paralysis (0)
 o - a wand of digging (5)
 p - a wand of hasting (2)
Scrolls
 b - 2 scrolls of fear
 d - 3 scrolls of teleportation
 h - 5 scrolls of remove curse
 i - 2 scrolls of fog
 j - 2 scrolls of blinking
 m - 3 scrolls of amnesia
Books
 r - a book of Dreams

   Spells                             Type                      Level
   a - Ensorcelled Hibernation        Hexes/Ice                    2
   b - Phase Shift                    Translocation                5
   c - Shadow Creatures               Summoning                    5
   d - Silence                        Hexes/Air                    5
   e - Darkness                       Hexes                        6
   f - Mass Confusion                 Hexes                        6


   Skills:
 - Level 3.0 Fighting
 * Level 9.1 Maces & Flails
 + Level 6.3 Armour
 - Level 0.7 Dodging
 + Level 3.7 Summonings
 - Level 3.4 Evocations


You had 2 spell levels left.
You knew the following spells:

 Your Spells              Type           Power        Failure   Level  Hunger
a - Monstrous Menagerie   Summ           #.........   100%        6    N/A


You were on level 8 of the Dungeon.
You worshipped Xom.
You were a favourite toy of Xom.
You were not hungry.

You visited 1 branch of the dungeon, and saw 8 of its levels.

You collected 459 gold pieces.

#.#+***,,#..#..#..#..#..#.###
#.#,,,,,,#.....#.....#..#....
#.#,,,,,,#.Fc..#ac...#..#.###
#.####################..#,*
#.......................#,###
#...................../.#,#..
######################..#,###
*,...!.#.....#.....#..#,*##
*......#.a@..#.....#..#,...
*+###..#.H#..#..#..#..#,###
*,,,#..#..#..#..#..#..#,***
*,,,#.....#.....#..[..#<,,,
*,,,*.....#.....#.....#,***
****###################,* *,*
*,* *,***

Notes
Turn   | Place    | Note
--------------------------------------------------------------
     0 | D:1      | ololoev the Mummy Chaos Knight began the quest for the Orb.
     0 | D:1      | Reached XP level 1. HP: 18/18 MP: 1/1
   120 | D:1      | XOM: divination: detect creatures
   208 | D:1      | XOM: divination: detect creatures
   230 | D:1      | Reached XP level 2. HP: 22/24 MP: 2/2
   502 | D:1      | XOM: smoke on damage
   592 | D:2      | Reached XP level 3. HP: 19/29 MP: 3/3
   669 | D:2      | XOM: divination: magic mapping
   715 | D:2      | XOM: divination: detect creatures
  1112 | D:2      | Found a shimmering altar of Xom.
  1174 | D:2      | XOM: divination: magic mapping
  1252 | D:2      | XOM: silly message
  1400 | D:2      | XOM: silly message
  1495 | D:2      | Reached XP level 4. HP: 25/35 MP: 4/4
  1533 | D:2      | XOM: medium Erth miscast
  2030 | D:3      | Found a sparkling altar of Nemelex Xobeh.
  2075 | D:3      | Reached skill level 4 in Maces & Flails
  2305 | D:3      | Reached XP level 5. HP: 41/41 MP: 5/5
  2715 | D:4      | Noticed Natasha
  3046 | D:4      | Noticed an ogre
  3054 | D:4      | Killed an ogre
  3054 | D:4      | Reached XP level 6. HP: 47/47 MP: 6/6
  3084 | D:4      | XOM: 4-stop teleportation journey
  3089 | D:4      | Reached skill level 1 in Evocations
  3092 | D:4      | Noticed Grinder
  3095 | D:4      | Noticed an ogre
  3104 | D:4      | XOM: enchant monster (good)
  3109 | D:4      | Killed an ogre
  3148 | D:4      | Killed Grinder
  3148 | D:4      | Reached skill level 5 in Maces & Flails
  3148 | D:4      | Reached XP level 7. HP: 34/52 MP: 8/8
  3284 | D:4      | Found a shattered altar of Ashenzari.
  3453 | D:4      | XOM: scenery: create altars
  3544 | D:4      | XOM: mild Necr miscast
  3558 | D:4      | XOM: noise
  3587 | D:4      | Found a shadowy altar of Dithmenos.
  3604 | D:4      | Found an opulent altar of Gozag.
  3613 | D:4      | XOM: god gift: lumpy white potion
  4036 | D:5      | XOM: stealth player
  4036 | D:5      | Entered Level 5 of the Dungeon
  4246 | D:5      | XOM: harmless Summ miscast
  4317 | D:5      | XOM: summons 3 hostile demons
  4563 | D:5      | Found a stormy altar of Qazlal.
  4565 | D:5      | XOM: enchant monster (bad)
  4570 | D:5      | XOM: polymorph crimson imp -> iron imp
  4628 | D:5      | Found a burning altar of Makhleb.
  4629 | D:5      | Found an iron altar of Okawaru.
  4746 | D:5      | Noticed a basilisk
  4746 | D:5      | an ice beast changed into a basilisk
  4746 | D:5      | XOM: polymorph ice beast -> basilisk
  5006 | D:4      | XOM: noise
  5010 | D:4      | XOM: summons 6 friendly demons
  5266 | D:4      | XOM: summons friendly ynoxinul
  5454 | D:5      | Found a staircase to the Ecumenical Temple.
  5538 | D:5      | Reached skill level 6 in Maces & Flails
  5848 | D:6      | Killed Natasha
  5879 | D:6      | Noticed Natasha
  5892 | D:6      | Killed Natasha
  5895 | D:6      | Reached XP level 8. HP: 51/58 MP: 10/10
  5918 | D:6      | XOM: chaos upgrade
  6069 | D:6      | Noticed Natasha
  6073 | D:6      | Killed Natasha
  6595 | D:6      | Found a blossoming altar of Fedhas.
  6632 | D:7      | Reached skill level 7 in Maces & Flails
  6666 | D:7      | XOM: confuse monster(s)
  6678 | D:7      | Reached skill level 5 in Armour
  6701 | D:7      | XOM: 1-stop teleportation journey
  6765 | D:7      | XOM: 3-stop teleportation journey
  6784 | D:7      | Learned a level 6 spell: Monstrous Menagerie
  6848 | D:7      | XOM: harmless Ice miscast
  7001 | D:7      | Noticed Joseph
  7009 | D:7      | XOM: harmless Chrm miscast
  7016 | D:7      | Killed Joseph
  7016 | D:7      | Reached skill level 1 in Summonings
  7102 | D:7      | XOM: stat loss: -1 Str (16/17)
  7104 | D:7      | XOM: harmless Erth miscast
  7109 | D:7      | XOM: colour smoke trail
  7141 | D:7      | Reached XP level 9. HP: 59/63 MP: 11/11
  7162 | D:7      | XOM is BORED!
  7162 | D:7      | XOM: mild Erth miscast
  7216 | D:7      | XOM: colour smoke trail
  7264 | D:7      | XOM: 2-stop teleportation journey
  7330 | D:7      | Found a glowing golden altar of the Shining One.
  7651 | D:8      | XOM: summons friendly iron imp
  7663 | D:8      | XOM: swap monsters
  7671 | D:8      | XOM: mild Necr miscast
  7672 | D:8      | Reached skill level 8 in Maces & Flails
  7683 | D:8      | XOM: confuse monster(s)
  7686 | D:8      | XOM: enchant monster (good)
  7694 | D:8      | XOM: enchant monster (good)
  7695 | D:8      | HP: 2/63 [wight/enchanted mace (7)]
  8037 | D:8      | Noticed Goblin1989's ghost (novice DsWn)
  8045 | D:8      | XOM: confuse monster(s)
  8061 | D:8      | XOM: butterfly on damage
  8076 | D:8      | Killed Goblin1989's ghost
  8444 | D:8      | Found a staircase to the Lair.
  8444 | D:8      | XOM: 8-stop teleportation journey
  8558 | D:8      | XOM: 2-stop teleportation journey
  8587 | D:8      | XOM: enchant monster (bad)
  8594 | D:8      | XOM: summons friendly white imp
  8595 | D:8      | XOM: confuse monster(s)
  8608 | D:8      | XOM: confuse monster(s)
  8618 | D:8      | Reached skill level 9 in Maces & Flails
  8631 | D:8      | XOM: summons friendly ufetubus
  8727 | D:7      | XOM: scenery: 2 doors open, 2 doors close
  8950 | D:8      | Noticed a manticore
  8960 | D:8      | XOM: potion effect (haste)
  8966 | D:8      | HP: 2/63 [worker ant (4)]
  8969 | D:8      | Slain by a manticore

Dungeon Overview and Level Annotations

Branches:
Dungeon (8/15)             Temple (0/1) D:5            Lair (0/8) D:8

Altars:
Ashenzari
Dithmenos
Fedhas
Gozag
Makhleb
Nemelex Xobeh
Okawaru
Qazlal
Xom
The Shining One


Message History

You hit the manticore but do no damage.
The manticore is heavily wounded. "Go forth and destroy!"
You feel as though your hastened speed will last longer.
The worker ant closely misses you.
You hit the manticore but do no damage.
The manticore is heavily wounded.
The manticore bites you but does no damage.
The manticore barely misses you. The manticore closely misses you.
You hit the manticore.
The manticore is heavily wounded.
The worker ant bites you but does no damage.
The manticore closely misses you.
The manticore claws you but does no damage. x2
You hit the manticore. You drain the manticore!
The manticore is severely wounded.
The worker ant bites you.
You hit the manticore but do no damage. You drain the manticore!
The manticore is severely wounded.
The manticore bites you!
The manticore claws you but does no damage. x2
The worker ant closely misses you.
You hit the manticore but do no damage. You drain the manticore!
The manticore is severely wounded.
You hit the manticore.
The manticore is almost dead.
The manticore completely misses you. The manticore closely misses you.
The manticore closely misses you. The worker ant bites you.
You barely miss the manticore.
The manticore is almost dead.
The worker ant bites you but does no damage.
The manticore bites you. The manticore barely misses you.
The manticore claws you but does no damage.
You completely miss the manticore.
The manticore is almost dead.
The worker ant bites you but does no damage.
You hit the manticore.
The manticore is almost dead.
The manticore closely misses you. The manticore claws you!
You die...

You could see a manticore, a centaur (wandering) and 2 worker ants.

Vanquished Creatures
  The ghost of Goblin1989 the Martial Artist, a novice DsWn of Kikubaaqudgha (D:8)
  Joseph (D:7)
  A troll (D:8)
  Grinder (D:4)
  A basilisk (D:8)
  A yak (D:8)
  A hungry ghost (D:8)
  5 ogres
  2 porcupines (D:8)
  A centaur (D:6)
  A big kobold (D:7)
  A crocodile (D:8)
  3 giant frogs
  A scorpion (D:6)
  A wight (D:8)
  A crimson imp (D:8)
  A jelly (D:8)
  A centaur skeleton (D:6)
  A giant frog skeleton (D:4)
  An iron imp (D:5)
  Natasha (thrice) (D:6)
  7 orc wizards
  A hound (D:7)
  5 orc priests
  An iguana (D:6)
  A worker ant (D:5)
  A hound zombie (D:6)
  10 adders
  9 gnolls
  4 river rats (D:8)
  2 shadow imps
  An ooze (D:6)
  An adder zombie (D:6)
  An adder skeleton (D:8)
  2 worms
  27 orcs
  14 bats
  10 goblins
  6 hobgoblins
  19 jackals
  2 quokkas
  A ball python (D:2)
  5 giant cockroaches
  4 giant geckos
  5 giant newts
  2 goblin skeletons (D:7)
  A hobgoblin zombie (D:7)
  8 kobolds
  A kobold skeleton (D:7)
  2 kobold zombies (D:7)
  4 orc skeletons (D:7)
  2 quokka skeletons
  4 rats
193 creatures vanquished.

Vanquished Creatures (collateral kills)
  A scorpion (D:8)
  An orc wizard (D:8)
  An orc (D:8)
3 creatures vanquished.

Vanquished Creatures (others)
  A porcupine (D:8)
  A fungus (D:8)
  A plant (D:5)
3 creatures vanquished.

Grand Total: 199 creatures vanquished

Action                   |  1- 3 |  4- 6 |  7- 9 || total
-------------------------+-------+-------+-------++-------
Melee: Mace              |   153 |   113 |   112 ||   378
       Flail             |       |       |   391 ||   391
Evoke: Wand              |       |     4 |    19 ||    23
  Use: Scroll            |     3 |     7 |     8 ||    18
 Stab: Paralysed         |     1 |    13 |    32 ||    46
       Confused          |       |       |     3 ||     3
       Sleeping          |       |       |     2 ||     2

Vault maps used:
D:1:      lemuel_arrival_room, minmay_misc_feat_chi, st_stairs_13
D:2:      xom_teletrap_fun, first_bread, minmay_misc_feat_secret_circle,
          grunt_decor_cap
D:3:      nemelex_xobeh_ov_fountains_minmay
D:4:      lemuel_crystal_altar, grunt_dithmenos_smoke,
          lemuel_coloured_pillars_altar, uniq_natasha, uniq_grinder
D:5:      gammafunk_temple_overflow_forgotten, temple_green
D:6:      kennysheep_little_box
D:7:      nicolae_tso_besieged_by_evil, uniq_joseph
D:8:      kennysheep_windowed_halls, marbit_many_paths, minmay_lair_entry_grove,
          uniq_prince_ribbit1
